 Dungeon Sprint DCSS version 0.29.1-13-g9f3cf754e1 (webtiles) character file.

Game seed: 12923752586009728649

53 theswoord the Chiller (level 3, 0/42 HPs)
             Began as a Naga Ice Elementalist on Feb 4, 2023.
             Slain by an iguana (5 damage)
             ... in the Dungeon (Sprint IX: "|||||||||||||||||||||||||||||").
             The game lasted 00:00:56 (211 turns).

theswoord the Chiller (Naga Ice Elementalist)        Turns: 211, Time: 00:00:56

Health: 0/42       AC: -2    Str: 10    XL:     3   Next: 87%
Magic:  6/9        EV:  9    Int: 17    God:
Gold:   0          SH:  0    Dex: 11    Spells: 11/12 levels left

rFire   . . .      SeeInvis +   h - +0 whip
rCold   . . .      Faith    .   (no shield)
rNeg    . . .      Spirit   .   a - +0 robe
rPois   +          Reflect  .   (no helmet)
rElec   .          Harm     .   (no cloak)
rCorr   .          Rampage  .   (no gloves)
Will    .....      NoTele   +   (no barding)
Stlth   ..........              (no amulet)
HPRegen 0.14/turn               (no ring)
MPRegen 0.11/turn               (no ring)

@: berserking (expiring), corroded, hasted, quick
A: AC +1, large, see invisible, deformed body, poison resistance, slowness 2,
spit poison 1, naga tail 1
a: Spit Poison


You were in the Dungeon.
You visited 1 branch

Inventory:

Hand Weapons
 h - a +0 whip (weapon)
Armour
 a - a +0 robe (worn)
Scrolls
 g - a scroll of blinking
Potions
 b - 2 potions of magic
 c - a potion of curing
 d - a potion of heal wounds


   Skills:
 - Level 1.5 Dodging
 - Level 3.0 Stealth
 + Level 5.0 Spellcasting
 + Level 6.5 Ice Magic


You had 11 spell levels left.
You knew the following spells:

 Your Spells              Type           Power      Damage    Failure   Level
a - Freeze                Ice            100%       1d11      1%          1

Your spell library contained the following spells:

 Spells                   Type           Power      Damage    Failure   Level
 Frozen Ramparts          Ice            52%        1d8       3%          3
 Ozocubu's Armour         Ice            26%        N/A       3%          3
 Hailstorm                Conj/Ice       15%        3d5       36%         4


Dungeon Overview and Level Annotations

Branches:
Dungeon (1/1)

Altars:


Innate Abilities, Weirdness & Mutations

Your serpentine skin is tough. (AC +1)
You have supernaturally acute eyesight. (SInv)
Armour fits poorly on your strangely shaped body.
Your system is resistant to poisons. (rPois)
You cover ground very slowly.
You can spit poison.
You have a snake-like lower body.


Message History

The adder closely misses you.
You whack the adder!
You kill the adder!
Your Ice Magic skill increases to level 5!
You hit the orc.
You kill the orc!
The jelly jiggles.
You miss the ufetubus. The ufetubus closely misses you.
The ufetubus misses you.
You closely miss the ufetubus. The ufetubus hits you. x2
You miss the ufetubus. The ufetubus barely misses you.
The ufetubus closely misses you.
You completely miss the ufetubus. The ufetubus barely misses you.
The ufetubus hits you.
You whack the ufetubus!
You kill the ufetubus!
Your Spellcasting skill increases to level 4!
You have reached level 3!
Your experience leads to an increase in your attributes!
Increase (S)trength, (I)ntelligence, or (D)exterity?
You feel clever. x2; Your skin feels tougher.
You hit the jelly. The acid corrodes you!
Your hands burn!
The jelly is moderately wounded.
You whack the jelly!
Your hands burn!
The jelly is severely wounded.
The jelly hits you. The acid corrodes you!
You are splashed with acid!
* * * LOW HITPOINT WARNING * * *
You whack the jelly!
You kill the jelly!
Your Spellcasting skill increases to level 5!
Your Ice Magic skill increases to level 6!
You hit the iguana but do no damage. You whack the iguana!
The iguana is heavily wounded.
The iguana bites you!
* * * LOW HITPOINT WARNING * * *
You hit the iguana.
The iguana is severely wounded.
The iguana bites you.
You die...

▓.▓
▓.▓
▓.▓
▓(▓
▓.▓
▓.▓
▓.▓
▓.▓
▓@▓
▓l▓
▓.▓
▓.▓
▓.▓
▓.▓
▓.▓
▓+▓


You could see an iguana.

Vanquished Creatures
  A jelly (D)
  An adder (D)
  An ufetubus (D)
  A dart slug (D)
  An orc (D)
  An endoplasm (D)
  A giant cockroach (D)
  A ball python (D)
  A kobold (D)
9 creatures vanquished.

Notes
Turn   | Place    | Note
-------+----------+-------------------------------------------
     0 | D        | theswoord the Naga Ice Elementalist began the quest for the
                  | Orb.
     0 | D        | Reached XP level 1. HP: 15/15 MP: 3/3
    17 | D        | Reached XP level 2. HP: 10/22 MP: 0/6
   200 | D        | Reached skill level 5 in Ice Magic
   206 | D        | Reached XP level 3. HP: 28/28 MP: 6/8
   209 | D        | Reached skill level 5 in Spellcasting
   209 | D        | Reached skill level 6 in Ice Magic
   211 | D        | Slain by an iguana

Skill      XL: |  1  2  3 |
---------------+----------+-----
Spellcasting   | 3 4 5 |  5.0
Ice Magic      | 5 6 |  6.5
Dodging        | |  1.5
Stealth        | |  3.0

Action                   || total
-------------------------++-------
Melee: Unarmed           ||     3
       Whip              ||    14
 Cast: Freeze            ||     7
  Use: Potion            ||     3
Dodge: Dodged            ||     7

Levels and vault maps discovered:
D:        linesprint [early_d, line_temple, items_1, d_10, items_2, lair_1,
          lair_end, items_3, orc_1, orc_end, items_4, d_15, swamp_1, shoals_1,
          snake_1, spider_1, d_20, vaults_1, items_5, swamp_end, shoals_end,
          snake_end, spider_end, vaults_end, d_27, items_6, zot_1, zot_end,
          crypt_end, forest_end, elf_end, slime_end, tomb_end, abyss_end,
          pan_hell_end]
